 Dungeon Crawl Stone Soup version 0.20-a0-351-gc9b4002 (webtiles) character file.

1954 siimphh the Covered (level 9, 0/54 HPs)
             Began as a Gargoyle Fighter on Dec 25, 2016.
             Was an Initiate of Okawaru.
             Slain by an orc warrior
             ... wielding a +2 scimitar of slicing
              (12 damage)
             ... on level 6 of the Dungeon on Dec 26, 2016.
             The game lasted 00:39:07 (5803 turns).

siimphh the Covered (Gargoyle Fighter)              Turns: 5803, Time: 00:39:08

Health: 0/54       AC: 17    Str: 22    XL:     9   Next: 19%
Magic:  9/9        EV:  9    Int:  6    God:    Okawaru [......]
Gold:   421        SH: 10    Dex: 10    Spells: 8/8 levels left

rFire  . . .     SeeInvis .     v - +0 mace (curse)
rCold  . . .     Gourm    .     b - +0 scale mail
rNeg   + . .     Faith    .     c - +0 shield
rPois  ∞         Spirit   .     s - +0 helmet
rElec  +         Reflect  .     (no cloak)
rCorr  .         Harm     .     j - +0 pair of gloves
MR     .....                    z - +0 pair of boots
Stlth  ..........               (no amulet)
                                (no ring)
                                i - -3 ring of intelligence

@: no status effects
A: negative energy resistance 1, electricity resistance, unbreathing,
petrification resistance, rot immunity, AC +5
a: Renounce Religion


You were on level 6 of the Dungeon.
You worshipped Okawaru.
Okawaru was noncommittal.
You were not hungry.

You visited 1 branch of the dungeon, and saw 6 of its levels.

You collected 421 gold pieces.

Inventory:

Hand Weapons
 a - a +0 flail
 r - a +0 dagger of speed
 v - a cursed +0 mace (weapon)
 A - a +1 whip of freezing
 G - a +0 mace
 I - a +0 war axe
Armour
 b - a +0 scale mail (worn)
 c - a +0 shield (worn)
 j - a +0 pair of gloves (worn)
 s - a +0 helmet (worn)
 z - a +0 pair of boots (worn)
Jewellery
 i - a -3 ring of intelligence (left hand)
 w - an uncursed ring of ice
Wands
 q - a wand of random effects (8/48)
 t - a wand of slowing (23/48)
 x - a wand of enslavement (0/24)
 C - a wand of confusion (24/48)
 E - a wand of random effects (26/48)
 J - a wand of flame (26/48)
Scrolls
 e - 2 scrolls of immolation
 g - a scroll of blinking
 y - a scroll of fear
 F - a scroll of remove curse
Potions
 d - a potion of might
 h - 4 potions of curing
 l - 3 potions of ambrosia
 m - a potion of heal wounds {unknown}
 p - 2 potions of haste
 u - a potion of resistance {unknown}
 H - a potion of agility
Books
 n - a book of Cantrips

   Spells                             Type                      Level
   a - Confusing Touch                Hexes                        1
   b - Animate Skeleton               Necromancy                   1
   c - Summon Small Mammal            Summoning                    1
   d - Apportation                    Translocation                1
Comestibles
 f - a bread ration
 k - a fruit
 o - a meat ration
 D - a slice of pizza
 K - 10 chunks of flesh


   Skills:
 + Level 5.5 Fighting
 + Level 6.6 Maces & Flails
 + Level 7.2 Armour
 + Level 2.6 Dodging
 + Level 1.4 Stealth
 + Level 6.9 Shields


You had 8 spell levels left.
You didn't know any spells.

Dungeon Overview and Level Annotations

Branches:
Dungeon (6/15)
 Temple: D:4-7

Altars:
Okawaru
Vehumet
Xom
The Shining One

Shops:
D:4 %


Innate Abilities, Weirdness & Mutations

You are resistant to torment.
Your stone body is resilient. (AC +5)
You are immune to poison.
You resist negative energy. (rN+)
You are resistant to electric shocks. (rElec)
You can survive without breathing.
You are immune to petrification.
You are immune to rotting.


Message History

Nothing appears to happen.
You block the orc warrior's attack.
Evoke which item? (* to show all) (? for menu, Esc to quit)
Zapping:
J - a wand of flame (?/48) {zapped: 5} (will waste charges)
Press: ? - help, Shift-Dir - straight line, f/p - orc
Aim: an orc, wielding a hand axe The puff of flame hits the orc warrior.
The orc warrior appears unharmed.
The orc warrior is moderately wounded.
Evoking this partially-identified wand wasted a few charges.
You hit the orc warrior but do no damage.
The orc warrior is moderately wounded.
You block the orc warrior's attack.
Your shield and scale mail prevent you from hitting the orc warrior.
The orc warrior is moderately wounded.
The orc warrior hits you with a scimitar of slicing!
* * * LOW HITPOINT WARNING * * *
x2
Found 24 stones.
The orc warrior barely misses you.
Found a long sword.
The orc warrior hits you with a scimitar of slicing!
You die...

. .# .##.#.######
#...........#
##.#.).......###
..............#
#.##.......(..#
####.##.........
+@oo.o.o.......
####+##o.##.##
#.........o.# ....
#......#.##.##<...
#......#.##.#....
#......#..#.#...#.
#......#..#o#...#. ##
########..#o#...#.
...####........#...#.


You could see an orc warrior and 4 orcs.

Vanquished Creatures
  Pikel (D:3)
  The ghost of anet the Magician, a novice DEWz (D:4)
  Grinder (D:3)
  An ogre (D:6)
  A necrophage (D:5)
  A phantom (D:4)
  The ghost of azzavlup the Ruffian, an amateur DrTm (D:3)
  2 centaurs
  A bullfrog (D:6)
  A crimson imp (D:5)
  A hound (D:6)
  A centaur skeleton (D:4)
  An orc priest (D:6)
  A bullfrog skeleton (D:4)
  3 worker ants
  Natasha (thrice) (D:3)
  An iguana (D:6)
  A statue (D:4)
  Robin (D:3)
  7 adders
  An ooze (D:2)
  An adder skeleton (D:6)
  3 worms
  A dart slug (D:2)
  3 leopard geckos
  10 orcs
  3 bats
  7 giant cockroaches
  4 hobgoblins
  14 jackals
  4 kobolds
  A quokka (D:5)
  A ball python (D:4)
  5 frilled lizards
  16 goblins
  A jackal skeleton (D:6)
  A quokka skeleton (D:5)
  7 rats
114 creatures vanquished.

Notes
Turn   | Place    | Note
-------+----------+-------------------------------------------
     0 | D:1      | siimphh the Gargoyle Fighter began the quest for the Orb.
     0 | D:1      | Reached XP level 1. HP: 14/14 MP: 1/1
    99 | D:1      | Reached XP level 2. HP: 19/19 MP: 2/2
   724 | D:2      | Reached XP level 3. HP: 23/23 MP: 3/3
  1652 | D:2      | Found a faded altar of an unknown god.
  1712 | D:2      | Reached XP level 4. HP: 28/28 MP: 4/4
  1821 | D:3      | Noticed Natasha
  1832 | D:3      | Killed Natasha
  1911 | D:3      | Noticed Robin
  1922 | D:3      | Reached skill level 4 in Armour
  1936 | D:3      | Killed Robin
  1955 | D:3      | Reached XP level 5. HP: 25/32 MP: 5/5
  2298 | D:3      | Noticed Grinder
  2327 | D:3      | Killed Grinder
  2327 | D:3      | Reached skill level 1 in Dodging
  2327 | D:3      | Reached XP level 6. HP: 31/38 MP: 6/6
  2376 | D:3      | Noticed Natasha
  2387 | D:3      | Killed Natasha
  2489 | D:3      | Noticed azzavlup's ghost (amateur DrTm)
  2512 | D:3      | Killed azzavlup's ghost
  2512 | D:3      | Reached skill level 5 in Armour
  2512 | D:3      | Reached skill level 5 in Shields
  2512 | D:3      | Reached XP level 7. HP: 16/43 MP: 7/7
  2558 | D:3      | Found a glowing golden altar of the Shining One.
  2628 | D:3      | Noticed Natasha
  2636 | D:3      | Killed Natasha
  2766 | D:4      | Noticed anet's ghost (novice DEWz)
  3162 | D:4      | Killed anet's ghost
  3162 | D:4      | Reached skill level 5 in Maces & Flails
  3162 | D:4      | Reached skill level 1 in Stealth
  3488 | D:4      | Reached XP level 8. HP: 48/48 MP: 8/8
  3519 | D:4      | Found a radiant altar of Vehumet.
  3756 | D:4      | Found Teny's Food Boutique.
  3766 | D:4      | Noticed Pikel
  3826 | D:4      | HP: 2/48 [Pikel/whip of freezing (1)]
  3864 | D:3      | Killed Pikel
  3864 | D:3      | Reached skill level 5 in Fighting
  3864 | D:3      | Reached skill level 6 in Armour
  4556 | D:5      | Entered Level 5 of the Dungeon
  4707 | D:5      | Found an iron altar of Okawaru.
  4720 | D:5      | Became a worshipper of Warmaster Okawaru
  4961 | D:5      | Found a radiant altar of Vehumet.
  4999 | D:5      | Found a shimmering altar of Xom.
  5283 | D:5      | Reached skill level 7 in Armour
  5499 | D:6      | Reached XP level 9. HP: 54/54 MP: 9/9
  5803 | D:6      | Slain by an orc warrior

Vault maps used:
D:1:      lemuel_arrival_funnel, minmay_pentomino_p4
D:2:      chequers_ecumenical_altar_lobes, first_bread
D:3:      tso_oasis_becter, minmay_ruptured, uniq_natasha, uniq_grinder,
          uniq_robin
D:4:      vehumet_statue, serial_shops, shop, st_stairs_13, uniq_pikel
D:5:      okawaru_ov_weapons_minmay, lemuel_doored_altar, roderic_roman_lattice,
          vehumet_altar_wand_db
D:6:      uniq_edmund

Skill      XL: |  1  2  3  4  5  6  7  8 |
---------------+-------------------------+-----
Shields        | 4 5 6 |  6.9
Maces & Flails | 3 4 5 6 |  6.6
Armour         | 4 5 7 |  7.2
Fighting       | 4 5 |  5.5
Dodging        | 1 2 |  2.6
Stealth        | 1 |  1.4

Action                   |  1- 3 |  4- 6 |  7- 9 || total
-------------------------+-------+-------+-------++-------
Melee: Flail             |   143 |   111 |       ||   254
       Mace              |       |    66 |   374 ||   440
Evoke: Wand              |       |       |     3 ||     3
  Use: Scroll            |     6 |     2 |     3 ||    11
       Potion            |       |       |     4 ||     4
  Eat: Chunk             |     3 |     2 |     3 ||     8
       Bread ration      |       |     1 |     1 ||     2
Armor: Scale mail        |    66 |    72 |   257 ||   395
Dodge: Dodged            |    36 |    46 |   159 ||   241
Block: Shield            |    70 |    82 |   252 ||   404
